 Dungeon Crawl Stone Soup version 0.27.1-1-g398f81649c (webtiles) character file.

Game seed: 768154985009731837

3204 Gabide the Grappler (level 9, -3/77 HPs)
             Began as a Ghoul Gladiator on Sept 20, 2021.
             Was a Plaything of Xom.
             Slain by a troll (9 damage)
             ... on level 7 of the Dungeon.
             The game lasted 00:24:15 (7606 turns).

Gabide the Grappler (Ghoul Gladiator)               Turns: 7606, Time: 00:24:16

Health: -3/77      AC: 10    Str: 21    XL:     9   Next: 96%
Magic:  10/10      EV: 12    Int:  3    God:    Xom [..*...]
Gold:   125        SH:  0    Dex: 10    Spells: 10/10 levels left

rFire    + . .     SeeInvis .   c - +5 long sword of Cowardice {freeze, rF+}
rCold    + . .     Faith    .   (no shield)
rNeg     + + +     Spirit   .   k - +2 ring mail
rPois    ∞         Reflect  .   b - +1 helmet
rElec    .         Harm     .   (no cloak)
rCorr    .         Rampage  .   (no gloves)
Will     .....                  (no boots)
Stlth    +.........             (no amulet)
HPRegen  0.00/turn              (no ring)
MPRegen  0.12/turn              (no ring)

@: mighty, inhibited regen
A: claws 1, cold resistance 1, negative energy resistance 3, inhibited
regeneration, torment resistance 2
a: Renounce Religion


You were on level 7 of the Dungeon.
You worshipped Xom.
You were a toy of Xom.
You visited 1 branch of the dungeon, and saw 7 of its levels.

You collected 365 gold pieces.
You spent 240 gold pieces at shops.

Inventory:

Hand Weapons
 c - the +5 long sword of Cowardice (weapon) {freeze, rF+}
   (You found it on level 7 of the Dungeon)

   It freezes those it strikes, dealing additional cold damage.
   It can also slow down cold-blooded creatures.
   rF:        It protects you from fire.
 q - a +0 vorpal great sword
Armour
 b - a +1 helmet (worn)
 k - a +2 ring mail (worn)
Wands
 e - a wand of flame (16)
 h - a wand of paralysis (10)
 m - a wand of polymorph (5)
 p - a wand of iceblast (12)
Scrolls
 d - 3 scrolls of identify
 f - 4 scrolls of amnesia
 g - 3 scrolls of teleportation
 i - a scroll of silence
 n - a scroll of enchant weapon
 o - a scroll of fear {unknown}


   Skills:
 * Level 6.3 Fighting
 + Level 1.6(2.1) Short Blades
 * Level 1.8(2.1) Long Blades
 + Level 1.6(2.3) Axes
 + Level 1.6(2.3) Maces & Flails
 + Level 1.6(2.3) Polearms
 + Level 1.6(2.3) Staves
 - Level 1.6(2.5) Slings
 + Level 1.6 Bows
 + Level 1.6 Crossbows
 - Level 2.9(3.1) Throwing
 + Level 3.7 Armour
 + Level 4.7 Dodging
 + Level 2.4 Stealth
 + Level 1.6 Shields
 + Level 10.0 Unarmed Combat
 + Level 1.4 Spellcasting
 + Level 2.2 Conjurations
 + Level 1.4 Hexes
 + Level 1.6 Summonings
 + Level 2.4 Necromancy
 + Level 1.6 Translocations
 + Level 1.6 Transmutations
 + Level 1.4 Fire Magic
 + Level 3.6 Ice Magic
 + Level 1.4 Air Magic


You had 10 spell levels left.
You didn't know any spells.
Your spell library contained the following spells:

 Spells                   Type           Power      Damage    Failure   Level
 Shock                    Conj/Air       4%         1d3       38%         1
 Swiftness                Air            1%         N/A       82%         3
 Stone Arrow              Conj/Erth      0%         3d7       86%         3
 Airstrike                Air            0%         N/A       99%         4
 Animate Armour           Summ/Erth      0%         N/A       99%         4
 Petrify                  Tmut/Erth      0%         N/A       99%         4
 Irradiate                Conj/Tmut      0%         3d14      100%        5
 Lehudib's Crystal Spear  Conj/Erth      0%         10d2      100%        8
 Sublimation of Blood     Necr           Unusable   N/A       N/A         2

Dungeon Overview and Level Annotations

Branches:
Dungeon (7/15)             Temple (0/1) D:4

Altars:
Ashenzari
Okawaru
Ru
Trog
Vehumet
Xom

Shops:
D:6 *


Innate Abilities, Weirdness & Mutations

You thrive by killing the living.
You are immune to poison.
You have sharp fingernails.
Your flesh is cold resistant. (rC+)
You are immune to negative energy. (rN+++)
You do not regenerate when monsters are visible.
You are immune to unholy pain and torment.


Message History

Something hits you. Something hits you.
You slash something! You freeze something. Something hits you.
Something hits you! Something hits you.
You hear Xom's avuncular chuckle.
A troll appears out of thin air!
Reactivating autopickup.
You are now a toy of Xom.
The troll bites you but does no damage. The troll claws you but does no damage.
The troll claws you.
You closely miss the troll.
Xom's power touches on your mind for a moment.
You are confused.
The troll looks rather confused.
The troll bites you! The troll claws you.
The troll claws you but does no damage. The troll barely misses you. x3
You hit the troll. You freeze the troll.
The troll is lightly wounded.
The troll bites you! The troll claws you but does no damage.
The troll barely misses you.
Okay, then.
Unknown command.
You are too confused!
Unknown command.
You bump into the tree.
You feel better.
Xom smirks.
You detect creatures!
You feel very mighty all of a sudden.
The troll seems less confused.
The troll bites you!
* * * LOW HITPOINT WARNING * * *
The troll claws you!
* * * LOW HITPOINT WARNING * * *
The troll claws you.
* * * LOW HITPOINT WARNING * * *
As you read the scroll of summoning, it crumbles to dust.
Wisps of shadow whirl around you... The troll barely misses you. x2
The troll claws you!
You die...

######################.#
........................
##......##############.#
........................
.#....)..............###
#.......#.♣.♣.#........
#......................
#.....5.♣.♣.♣.♣..######
#....h@T..._.....#.....
####+##.♣.♣.♣.♣..#.####
..S.........#.####
#....#.♣.♣.#....##..
####..........#.##.#
##.#..##..##.##.#
#........##.##.#
####.##..##.##.# #
#..##.#...


You could see a troll (ally target), a friendly water moccasin (summoned), a
friendly black bear (summoned) and a friendly shadow imp (summoned).

Vanquished Creatures
  Prince Ribbit (D:7)
  A shadow (D:5)
  A water moccasin (D:7)
  An orc warrior (D:6)
  An ice beast (D:5)
  An ogre (D:6)
  4 necrophages
  A centaur (D:7)
  A phantom (D:3)
  A bullfrog (D:6)
  A scorpion (D:7)
  A water moccasin zombie (D:5)
  A wyvern skeleton (D:7)
  2 howler monkeys
  2 centaur zombies
  A bullfrog zombie (D:7)
  A bullfrog skeleton (D:4)
  5 hounds
  Jessica (D:3)
  Natasha (thrice) (D:3)
  4 iguanas
  9 orc wizards
  A hound zombie (D:4)
  A hound skeleton (D:4)
  4 gnolls (D:7)
  7 adders
  A howler monkey skeleton (D:5)
  A shadow imp (D:5)
  2 white imps (D:6)
  3 worms
  3 dart slugs
  9 orcs
  8 bats
  11 endoplasms
  2 giant cockroaches
  7 goblins
  14 hobgoblins
  4 quokkas
  12 ball pythons
  10 frilled lizards
  9 kobolds
  12 rats
165 creatures vanquished.

Vanquished Creatures (collateral kills)
  An orc priest (D:7)
1 creature vanquished.

Vanquished Creatures (others)
  16 plants (D:3)
16 creatures vanquished.

Grand Total: 182 creatures vanquished

Notes
Turn   | Place    | Note
-------+----------+-------------------------------------------
     0 | D:1      | Gabide the Ghoul Gladiator began the quest for the Orb.
     0 | D:1      | Reached XP level 1. HP: 17/17 MP: 0/0
   118 | D:1      | Reached XP level 2. HP: 25/25 MP: 1/1
   313 | D:1      | Found a faded altar of an unknown god.
   323 | D:1      | Reached XP level 3. HP: 28/30 MP: 2/2
   460 | D:1      | Reached skill level 4 in Unarmed Combat
  1060 | D:2      | Reached XP level 4. HP: 34/37 MP: 3/3
  2010 | D:3      | Reached XP level 5. HP: 29/42 MP: 4/4
  2181 | D:3      | Noticed Natasha
  2186 | D:3      | Killed Natasha
  2187 | D:3      | Reached skill level 1 in Armour
  2187 | D:3      | Reached skill level 5 in Unarmed Combat
  2231 | D:3      | Noticed Jessica
  2235 | D:3      | Killed Jessica
  2407 | D:3      | Reached XP level 6. HP: 50/50 MP: 5/5
  2450 | D:3      | Found a shimmering altar of Xom.
  2450 | D:3      | Found a sacrificial altar of Ru.
  2451 | D:3      | Found a radiant altar of Vehumet.
  2543 | D:3      | Reached skill level 6 in Unarmed Combat
  2723 | D:3      | Noticed Natasha
  2731 | D:3      | Killed Natasha
  3035 | D:3      | Noticed Natasha
  3040 | D:3      | Killed Natasha
  3181 | D:3      | Became a worshipper of Xom the Begetter of Turbulence
  3279 | D:4      | XOM: silly message
  3289 | D:4      | Reached XP level 7. HP: 9/57 MP: 6/6
  3714 | D:4      | Reached skill level 5 in Fighting
  3714 | D:4      | Reached skill level 1 in Short Blades
  3714 | D:4      | Reached skill level 1 in Long Blades
  3714 | D:4      | Reached skill level 1 in Axes
  3714 | D:4      | Reached skill level 1 in Maces & Flails
  3714 | D:4      | Reached skill level 1 in Polearms
  3714 | D:4      | Reached skill level 1 in Staves
  3714 | D:4      | Reached skill level 1 in Slings
  3714 | D:4      | Reached skill level 1 in Bows
  3714 | D:4      | Reached skill level 1 in Crossbows
  3714 | D:4      | Reached skill level 1 in Shields
  3714 | D:4      | Reached skill level 7 in Unarmed Combat
  3714 | D:4      | Reached skill level 1 in Spellcasting
  3714 | D:4      | Reached skill level 1 in Hexes
  3714 | D:4      | Reached skill level 1 in Summonings
  3714 | D:4      | Reached skill level 1 in Translocations
  3714 | D:4      | Reached skill level 1 in Transmutations
  3714 | D:4      | Reached skill level 1 in Fire Magic
  3714 | D:4      | Reached skill level 1 in Air Magic
  3714 | D:4      | Reached XP level 8. HP: 69/69 MP: 6/9
  3746 | D:4      | XOM: divination: detect creatures
  3869 | D:4      | Found a staircase to the Ecumenical Temple.
  4042 | D:5      | Entered Level 5 of the Dungeon
  4060 | D:5      | XOM: silly message
  4165 | D:5      | Reached skill level 8 in Unarmed Combat
  4213 | D:5      | XOM: silly message
  4769 | D:5      | Noticed a shadow
  4773 | D:5      | XOM: butterfly on damage
  4776 | D:5      | XOM: divination: detect creatures
  4779 | D:5      | Killed a shadow
  4833 | D:5      | XOM: cloud trail
  4843 | D:5      | XOM: 4-stop teleportation journey
  5190 | D:6      | XOM is BORED!
  5190 | D:6      | XOM: 1-stop teleportation journey
  5194 | D:6      | XOM: summons 1 hostile demon
  5241 | D:6      | Found Ymiowud's Gadget Gallery.
  5250 | D:6      | Bought a wand of iceblast (12) for 240 gold pieces
  5494 | D:6      | Reached XP level 9. HP: 74/75 MP: 10/10
  5830 | D:6      | XOM: enchant monster (good)
  5859 | D:6      | Reached skill level 9 in Unarmed Combat
  5981 | D:6      | XOM: cloud trail
  6175 | D:6      | You fall into a shaft and drop 1 floor!
  6189 | D:7      | Found a bloodstained altar of Trog.
  6194 | D:7      | Found a broken altar of Ashenzari.
  6599 | D:7      | Found an iron altar of Okawaru.
  6617 | D:7      | Noticed Prince Ribbit
  6623 | D:7      | XOM: cast spell 'Dispersal'
  6635 | D:7      | Killed Prince Ribbit
  6729 | D:7      | XOM: destruction
  6735 | D:7      | XOM: swap monsters
  6743 | D:7      | Identified the +5 long sword of Cowardice {freeze, rF+}
  7052 | D:7      | Reached skill level 10 in Unarmed Combat
  7401 | D:7      | XOM is BORED!
  7401 | D:7      | XOM: summons 2 hostile demons
  7593 | D:7      | Noticed a troll
  7593 | D:7      | XOM: polymorph something unseen -> troll
  7594 | D:7      | XOM: confusion (+ monsters)
  7599 | D:7      | XOM: divination: detect creatures
  7606 | D:7      | Slain by a troll

Illustrated notes

Levels and vault maps discovered:
D:1:      lightli_arrival_farm, layout_basic, shapermc_ecumenical_altar_venn
D:2:      layout_loops_ring, minmay_lizard_pond
D:3:      minmay_thinvault, layout_basic, gammafunk_temple_overflow_claw,
          serial_bayou, serial_bayou_pond_d, serial_bayou_ford_a,
          serial_bayou_pond_e, serial_bayou_lagoon_a, minivault_4,
          kennysheep_generic_room_6, uniq_jessica, uniq_natasha
D:4:      layout_gridville, minmay_temple_entry_overgrown
D:5:      layout_gridville
D:6:      minmay_diamond_boxcup, layout_basic, lemuel_coloured_pillars_altar,
          nicolae_shop_gadgets
D:7:      layout_basic, jmf_multi_god_temple, okawaru_trees_1, lightli_minifort,
          uniq_prince_ribbit1

Skill      XL: |  1  2  3  4  5  6  7  8  9 |
---------------+----------------------------+-----
Dodging        | 3 4 |  4.7
Unarmed Combat | 4 5 6 7 8 10 | 10.0
Armour         | 1 2 3 |  3.7
Fighting       | 3 5 6 |  6.3
Short Blades   | 1 |  1.6
Long Blades    | 1 |  1.8
Axes           | 1 |  1.6
Maces & Flails | 1 |  1.6
Polearms       | 1 |  1.6
Staves         | 1 |  1.6
Slings         | 1 |  1.6
Bows           | 1 |  1.6
Crossbows      | 1 |  1.6
Throwing       | 2 |  2.9
Stealth        | 2 |  2.4
Shields        | 1 |  1.6
Spellcasting   | 1 |  1.4
Conjurations   | 2 |  2.2
Hexes          | 1 |  1.4
Summonings     | 1 |  1.6
Necromancy     | 2 |  2.4
Translocations | 1 |  1.6
Transmutations | 1 |  1.6
Fire Magic     | 1 |  1.4
Ice Magic      | 3 |  3.6
Air Magic      | 1 |  1.4

Action                   |  1- 3 |  4- 6 |  7- 9 || total
-------------------------+-------+-------+-------++-------
Melee: Unarmed           |    92 |   186 |   227 ||   505
       Punch             |       |     5 |    11 ||    16
       Long sword        |       |       |    50 ||    50
Throw: Throwing net      |       |     1 |     5 ||     6
       Javelin           |       |       |    13 ||    13
  Use: Scroll            |       |     6 |    15 ||    21
       Potion            |       |       |     8 ||     8
 Stab: Sleeping          |     1 |       |       ||     1
Armor: Leather armour    |    39 |    29 |     1 ||    69
       Ring mail         |       |       |   143 ||   143
Dodge: Dodged            |    63 |   110 |   150 ||   323
       Rpst.: Long sword |       |       |     2 ||     2
